 Dungeon Crawl Stone Soup version 0.29-a0-451-gfbfa42419e (webtiles) character file.

Game seed: 3961406333649411004

689 BlueGoblin the Changer (level 7, -4/53 HPs)
             Began as a Demigod Transmuter on May 19, 2022.
             Killed from afar by a steam dragon (18 damage)
             ... with a ball of steam
             ... on level 5 of the Dungeon.
             The game lasted 00:09:12 (6789 turns).

BlueGoblin the Changer (Demigod Transmuter)         Turns: 6789, Time: 00:09:13

Health: -4/53      AC:  4    Str: 11    XL:     7   Next: 13%
Magic:  12/12      EV: 13    Int: 15    God:
Gold:   90         SH:  0    Dex: 22    Spells: 6/9 levels left

rFire   . . .      SeeInvis .     - Unarmed
rCold   . . .      Faith    .   g - orb {*channel}
rNeg    . . .      Spirit   .   a - +1 robe
rPois   .          Reflect  .   (helmet currently unavailable)
rElec   .          Harm     .   (no cloak)
rCorr   +          Rampage  .   s - +0 pair of gloves
Will    .....                   (boots currently unavailable)
Stlth   ++........              (no amulet)
HPRegen 0.17/turn               n - ring of resist corrosion
MPRegen 0.13/turn               (no ring)

@: appendages
A: horns 2, talons 2, high MP 1, forlorn, divine attributes
a: End Transformation


You were on level 5 of the Dungeon.
You had temporarily grown beastly horns and talons.
You visited 1 branch of the dungeon, and saw 5 of its levels.

You collected 90 gold pieces.

Inventory:

Hand Weapons
 i - a +2 dagger of protection
 l - a +2 short sword of draining
Armour
 a - a +1 robe (worn)
 g - an orb of energy (worn)
 s - a +0 pair of gloves (worn)
Jewellery
 b - a ring of fire
 n - a ring of resist corrosion (left hand)
 r - a ring of flight
Wands
 u - a wand of flame (27)
Scrolls
 d - a scroll of identify
 h - a scroll of amnesia
 o - a scroll of enchant armour
Potions
 c - 2 potions of mutation
 e - a potion of magic {unknown}
 f - 2 potions of might
 j - 4 potions of flight
 k - a potion of heal wounds {unknown}
 m - 2 potions of resistance
 p - a potion of attraction {unknown}
 q - 2 potions of brilliance
 t - 2 potions of cancellation


   Skills:
 + Level 1.8 Fighting
 + Level 2.3 Dodging
 + Level 5.4 Unarmed Combat
 - Level 1.7 Spellcasting
 * Level 5.4 Transmutations


You had 6 spell levels left.
You knew the following spells:

 Your Spells              Type           Power      Damage    Failure   Level
a - Beastly Appendage     Tmut           34%        N/A       2%          1
q - Wereblood             Tmut           17%        N/A       3%          2

Your spell library contained the following spells:

 Spells                   Type           Power      Damage    Failure   Level
 Foxfire                  Conj/Fire      4%         2x1d4     22%         1
 Spider Form              Tmut/Pois      9%         N/A       22%         3
 Blink                    Tloc           2%         N/A       34%         2
 Conjure Flame            Conj/Fire      1%         6-21      56%         3
 Inner Flame              Hex/Fire       1%         N/A       56%         3
 Lesser Beckoning         Tloc           1%         N/A       56%         3
 Ice Form                 Ice/Tmut       9%         N/A       58%         4
 Airstrike                Air            0%         N/A       92%         4
 Flame Wave               Conj/Fire      1%         2d4       92%         4
 Summon Lightning Spire   Summ/Air       1%         N/A       92%         4
 Lightning Bolt           Conj/Air       0%         1d11      99%         5
 Manifold Assault         Tloc           1%         N/A       99%         5
 Malign Gateway           Summ/Tloc      0%         N/A       100%        7
 Summon Horrible Things   Summ           0%         N/A       100%        8


Dungeon Overview and Level Annotations

Branches:
Dungeon (5/15)
 Temple: D:4-7


Innate Abilities, Weirdness & Mutations

You have temporarily grown beastly horns and talons.
You have an increased reservoir of magic. (+10% MP)
You shall have no god before yourself.
Your divine heritage dramatically boosts your attributes as you level up.


Message History

t - 2 potions of cancellation
Okay, then.
Okay, then.
You grow a pair of large bovine horns.
Your feet morph into talons.
You hit the steam dragon.
You claw the steam dragon, but do no damage.
The steam dragon is lightly wounded.
The steam dragon bites you. The steam dragon claws you.
You closely miss the steam dragon.
You claw the steam dragon, but do no damage.
The steam dragon is lightly wounded.
The steam dragon closely misses you. x2
You hit the steam dragon. Your kick misses the steam dragon.
You headbutt the steam dragon.
The steam dragon is moderately wounded.
The steam dragon breathes steam at you. The ball of steam hits you!
The steam dragon bites you. The steam dragon claws you.
You are too injured to fight recklessly!
You hit the steam dragon but do no damage.
Your kick misses the steam dragon. You headbutt the steam dragon.
The steam dragon is heavily wounded.
The steam dragon misses you. The steam dragon barely misses you.
You closely miss the steam dragon. Your headbutt misses the steam dragon.
The steam dragon is heavily wounded.
The steam dragon closely misses you.
The steam dragon claws you but does no damage.
You hit the steam dragon.
The steam dragon is heavily wounded.
The steam dragon breathes steam at you. The ball of steam misses you.
The steam dragon bites you!
* * * LOW HITPOINT WARNING * * *
The steam dragon misses you.
You barely miss the steam dragon. Your kick misses the steam dragon.
You headbutt the steam dragon.
The steam dragon is heavily wounded.
The steam dragon breathes steam at you. The ball of steam hits you!!
You die...

#...........# ... #...........#
... #...........# #...
#...........#
#..#######...##.##...#
#..<.....###'#####...#
#........#.......#....
#........#.......#....
#.÷..@...#.......#....
#§§§§D...#.......#....
############.§......#'###'#######
....#............§###..##..##....
....+...........§.'.....#...#....
....#............§#.....#...#....
....#.............#.....#...#....
....#.............#.....#...#....
8...#.............#########'#....


You could see a steam dragon (catching breath).

Vanquished Creatures
  Sigmund (D:3)
  A scorpion (D:5)
  A necrophage (D:4)
  3 howler monkeys
  3 hounds (D:5)
  An iguana (D:5)
  3 gnolls (D:4)
  6 adders
  3 worms
  3 dart slugs
  An orc (D:3)
  5 endoplasms
  6 giant cockroaches
  8 goblins
  8 hobgoblins
  10 jackals
  7 kobolds
  5 quokkas
  8 ball pythons
  9 bats
  5 frilled lizards
  4 rats
101 creatures vanquished.

Notes
Turn   | Place    | Note
-------+----------+-------------------------------------------
     0 | D:1      | BlueGoblin the Demigod Transmuter began the quest for the
                  | Orb.
     0 | D:1      | Reached XP level 1. HP: 15/15 MP: 5/5
   677 | D:1      | Reached XP level 2. HP: 8/22 MP: 4/7
  1166 | D:1      | Reached skill level 1 in Fighting
  1696 | D:1      | Reached XP level 3. HP: 26/28 MP: 6/8
  1699 | D:1      | Learned a level 2 spell: Wereblood
  3287 | D:3      | Reached XP level 4. HP: 35/35 MP: 7/9
  3561 | D:3      | Noticed Sigmund
  3574 | D:3      | Killed Sigmund
  3575 | D:3      | Reached XP level 5. HP: 31/40 MP: 10/10
  4874 | D:4      | Reached XP level 6. HP: 47/47 MP: 7/11
  5719 | D:5      | Entered Level 5 of the Dungeon
  5765 | D:5      | Reached skill level 5 in Unarmed Combat
  6005 | D:5      | Reached skill level 5 in Transmutations
  6356 | D:5      | Reached XP level 7. HP: 40/53 MP: 12/12
  6449 | D:5      | Noticed a steam dragon
  6789 | D:5      | Killed from afar by a steam dragon

Illustrated notes

Levels and vault maps discovered:
D:1:      dpeg_arrival_pits, layout_loops_ring, basic_ecumenical_altar,
          minivault_27, minmay_cut_off
D:2:      layout_loops_cross
D:3:      layout_basic, gup_sewer_entry_bubbles, uniq_sigmund
D:4:      layout_basic, chequers_temple_overflow_statue_of_worship,
          okawaru_altar_gauntlet_db, gammafunk_temple_overflow_wave
D:5:      layout_gridville, serial_park_tiny_pond

Skill      XL: |  1  2  3  4  5  6 |
---------------+-------------------+-----
Transmutations | 2 3 4 5 |  5.4
Unarmed Combat | 3 4 5 |  5.4
Fighting       | 1 |  1.8
Dodging        | 2 |  2.3
Spellcasting   | |  1.7

Action                   |  1- 3 |  4- 6 |  7- 9 || total
-------------------------+-------+-------+-------++-------
Melee: Unarmed           |   135 |   140 |    15 ||   290
       Kick              |    36 |    40 |     6 ||    82
       Headbutt          |    15 |    18 |     4 ||    37
       Punch             |     1 |       |       ||     1
 Cast: Beastly Appendage |    25 |    29 |     2 ||    56
       Wereblood         |     1 |     1 |       ||     2
  Use: Potion            |     1 |       |       ||     1
       Scroll            |     6 |     3 |     7 ||    16
 Stab: Sleeping          |     3 |     4 |       ||     7
Armor: Robe              |    34 |    35 |     2 ||    71
       Skin              |     4 |       |       ||     4
Dodge: Dodged            |    90 |    94 |    11 ||   195

Table legend: (Time is in decaauts)
 A = Elapsed time spent in this place.
 B = Non-inter-level travel time spent in this place.
 C = Inter-level travel time spent in this place.
 D = Time resting spent in this place.
 E = Time spent auto-exploring this place.
 F = Levels seen in this place.
 G = Mean time per level.
                   A        B        C        D        E       F      G
               +--------+--------+--------+--------+--------+-----+--------+
         Total |   6798 |   6516 |    282 |   1407 |   4286 |   5 | 1359.6 |
       Dungeon |   6798 |   6516 |    282 |   1407 |   4286 |   5 | 1359.6 |
               +--------+--------+--------+--------+--------+-----+--------+

Top non-repeatable levels by time:
     D:1: 1882 daAuts
     D:2: 1367 daAuts
     D:3: 1340 daAuts
     D:4: 1143 daAuts
     D:5: 1064 daAuts
